 Dungeon Crawl Stone Soup version 0.26-a0-812-g31a745ddcd (webtiles) character file.

Game seed: 13610888795642402258

172 kae the Chopper (level 5, -10/47 HPs)
             Began as a Hill Orc Abyssal Knight on Dec 10, 2020.
             Was a Believer of Lugonu.
             Mangled by Menkaure (18 damage)
             ... on level 4 of the Dungeon.
             The game lasted 00:02:17 (3719 turns).

kae the Chopper (Hill Orc Abyssal Knight)           Turns: 3719, Time: 00:02:17

Health: -10/47     AC:  4    Str: 15 (16) XL:     5   Next: 52%
Magic:  7/7        EV: 11    Int: 11 (12) God:    Lugonu [**....]
Gold:   205        SH:  0    Dex:  8 (10) Spells: 4/4 levels left

rFire    + . .     SeeInvis .   a - +1 hand axe
rCold    + . .     Faith    .   (no shield)
rNeg     . . .     Spirit   .   b - +1 leather armour
rPois    +         Reflect  .   (no helmet)
rElec    +         Harm     .   (no cloak)
rCorr    +         Rampage  .   (no gloves)
MR       .....                  (no boots)
Stlth    +.........             (no amulet)
HPRegen  0.15/turn              (no ring)
MPRegen  0.10/turn              (no ring)

@: mighty, resistant, flying
A: no striking features
a: Depart the Abyss, Bend Space, Renounce Religion


You were on level 4 of the Dungeon.
You worshipped Lugonu.
Lugonu was pleased with you.
You visited 1 branch of the dungeon, and saw 4 of its levels.
You visited the Abyss 1 time.

You collected 205 gold pieces.

Inventory:

Hand Weapons
 a - a +1 hand axe (weapon)
Armour
 b - a +1 leather armour (worn)
Jewellery
 h - an uncursed ring of positive energy {unknown}
Scrolls
 d - a scroll of fog
 e - 2 scrolls of teleportation
 f - a scroll of identify
 k - a scroll of enchant armour
Potions
 g - 2 potions of curing


   Skills:
 + Level 4.4 Fighting
 * Level 4.8 Axes
 + Level 3.0 Armour
 + Level 1.7 Dodging
 + Level 3.6 Invocations


You had 4 spell levels left.
You didn't know any spells.
Your spell library was empty.

Dungeon Overview and Level Annotations

Branches:
Dungeon (4/15)
 Temple: D:4-7

Altars:
Fedhas
Gozag
Uskayaw

Annotations:
D:3 exclusion: oklob plant
D:4 Menkaure


Message History

There was something very wrong with that liquid.
You feel weakened.
You feel dopey.
You feel clumsy.
It was a potion of flight.
You feel very buoyant.
You fly up into the air.
You feel better.
You barely miss Menkaure. Menkaure hits you!
You hit Menkaure.
Menkaure is lightly damaged.
Menkaure's bandages flutter.
Menkaure gestures wildly while chanting.
Menkaure seems to speed up.
You barely miss Menkaure.
Menkaure is lightly damaged.
Menkaure hits you!
* * * LOW HITPOINT WARNING * * *
You slash Menkaure!
Menkaure is almost destroyed.
Menkaure hits you!!
You die...

#.#####...###### #.#
#.#.#..†..
######.#####.#.#.####
.....................
###....####..###.#
#...#..........#.#
#.###.########.#.#
#.# #.. #.#.#
#@########## #....
#.M........# ###.#
########<# #.#.#
..........# #...#
###.##..### #.#.#
#... ...#.# #... #.#
#.# #.#.##. ..# #.
.## #.#


You could see Menkaure (fast).

Vanquished Creatures
  A hound (D:4)
  A worker ant (D:4)
  5 adders
  An ooze (D:2)
  3 dart slugs
  An orc (D:3)
  2 ball pythons (D:3)
  6 bats
  5 giant cockroaches
  6 goblins
  12 hobgoblins
  3 jackals (D:1)
  2 quokkas
  3 frilled lizards
  A jackal skeleton (D:4)
  4 kobolds
  4 rats
60 creatures vanquished.

Vanquished Creatures (others)
  21 toadstools (D:3)
21 creatures vanquished.

Grand Total: 81 creatures vanquished

Notes
Turn   | Place    | Note
-------+----------+-------------------------------------------
     0 | Abyss:1  | kae the Hill Orc Abyssal Knight began the quest for the
                  | Orb.
     0 | Abyss:1  | Reached XP level 1. HP: 19/19 MP: 2/2
    35 | Abyss:1  | Found a corrupted altar of Lugonu.
    82 | Abyss:1  | Noticed a thrashing horror
    83 | D:1      | Escaped the Abyss
   297 | D:1      | Reached XP level 2. HP: 27/27 MP: 3/3
   309 | D:1      | Reached skill level 1 in Dodging
   449 | D:1      | Reached * piety under Lugonu
   669 | D:1      | Reached XP level 3. HP: 18/33 MP: 5/5
  1369 | D:2      | Reached XP level 4. HP: 33/40 MP: 6/6
  2140 | D:3      | Found an opulent altar of Gozag.
  2505 | D:3      | Found a faded altar of an unknown god.
  2514 | D:3      | Reached ** piety under Lugonu
  2739 | D:3      | Found a blossoming altar of Fedhas.
  2764 | D:3      | Noticed an oklob plant
  2802 | D:3      | Found a hide-covered altar of Uskayaw.
  3121 | D:4      | Reached XP level 5. HP: 22/47 MP: 7/7
  3707 | D:4      | Noticed Menkaure
  3719 | D:4      | Mangled by Menkaure

Illustrated notes

Levels and vault maps discovered:
D:1:      minmay_arrival_five_plusses, layout_rooms
D:2:      layout_basic
D:3:      layout_basic, overflow_temple_1_default,
          eat_drink_and_be_merry_uskayaw, chequers_ecumenical_altar_simple,
          tgw_fedhas
D:4:      layout_basic, uniq_grinder, uniq_menkaure

Skill      XL: |  1  2  3  4  5 |
---------------+----------------+-----
Axes           | 3 4 |  4.8
Dodging        | 1 |  1.7
Fighting       | 4 |  4.4
Invocations    | 3 |  3.6
Armour         | 3 |  3.0

Action                   |  1- 3 |  4- 6 || total
-------------------------+-------+-------++-------
Melee: Hand axe          |   105 |   102 ||   207
Invok: Depart the Abyss  |     1 |       ||     1
  Use: Potion            |     1 |     5 ||     6
       Scroll            |       |     7 ||     7
Armor: Skin              |    19 |       ||    19
       Leather armour    |    28 |    30 ||    58
Dodge: Dodged            |    55 |    70 ||   125

Table legend: (Time is in decaauts)
 A = Elapsed time spent in this place.
 B = Non-inter-level travel time spent in this place.
 C = Inter-level travel time spent in this place.
 D = Time resting spent in this place.
 E = Time spent auto-exploring this place.
 F = Levels seen in this place.
 G = Mean time per level.
                   A        B        C        D        E       F      G
               +--------+--------+--------+--------+--------+-----+--------+
         Total |   3747 |   3612 |    135 |    303 |   2876 |   5 |  749.4 |
       Dungeon |   3661 |   3526 |    135 |    303 |   2794 |   4 |  915.2 |
         Abyss |     86 |     86 |      0 |      0 |     82 |   1 |   86.0 |
               +--------+--------+--------+--------+--------+-----+--------+

Top non-repeatable levels by time:
     D:2: 1075 daAuts
     D:3: 1022 daAuts
     D:1: 944 daAuts
     D:4: 619 daAuts
 Abyss:1: 86 daAuts
